 Dungeon Crawl Stone Soup version 0.18.1-48-g4cf74bf (webtiles) character file.

25 torvon the Magician (level 2, 0/18 HPs)
             Began as a High Elf Wizard on Aug 7, 2016.
             Succumbed to an adder's poison
             ... on level 2 of the Dungeon.
             The game lasted 00:06:55 (1580 turns).

torvon the Magician (High Elf Wizard)               Turns: 1580, Time: 00:06:55

Health: 0/18       AC:  2    Str:  6    XL:     2   Next: 82%
Magic:  1/8        EV: 12    Int: 21    God:
Gold:   52         SH:  3    Dex: 13    Spells: 3 memorised, 4 levels left

rFire  + . .     SeeInvis .     f - +0 short sword
rCold  x . .     Gourm    .     a - +0 robe
rNeg   . . .     Faith    .     n - +0 buckler
rPois  .         Spirit   .     b - +0 hat
rElec  .         Dismiss  .     (no cloak)
rCorr  .         Reflect  .     (no gloves)
SustAt .         Harm     .     (no boots)
MR     .....                    (no amulet)
Stlth  ++........               (no ring)
                                l - ring of fire

@: lethally poisoned (0 -> -6), not resistant to hostile enchantments,
unstealthy
A: no striking features
a: no special abilities


You were on level 2 of the Dungeon.
You were not hungry.

You visited 1 branch of the dungeon, and saw 2 of its levels.

You collected 52 gold pieces.

Inventory:

Hand Weapons
 d - a +0 dagger
 e - a +0 club
 f - a +0 short sword (weapon)
 k - a +0 dagger
 m - a +0 hunting sling
 o - a +0 dagger
 p - a +0 club
 x - a +0 dagger
 B - a +0 dagger
Missiles
 g - 38 bolts
 i - 10 stones (quivered)
Armour
 a - a +0 robe (worn)
 b - a +0 hat (worn)
 n - a +0 buckler (worn)
 q - a +0 robe
 t - a +0 leather armour
 A - a +0 leather armour
 C - a +0 buckler
Jewellery
 l - a ring of fire (left hand)
 w - a +3 ring of slaying {unknown}
Scrolls
 h - a scroll of enchant armour {unknown}
 v - a scroll of identify {unknown}
 y - a scroll of remove curse {unknown}
Potions
 j - 2 potions of haste
Books
 c - a book of Minor Magic

   Spells                             Type                      Level
   a - Magic Dart                     Conjuration                  1
   b - Blink                          Translocation                2
   c - Call Imp                       Summoning                    2
   d - Repel Missiles                 Charms/Air                   2
   e - Slow                           Hexes                        2
   f - Conjure Flame                  Conjuration/Fire             3
   g - Mephitic Cloud                 Conjuration/Poison/Air       3
Comestibles
 r - a beef jerky
 s - a meat ration
 u - a slice of pizza
 z - a bread ration


   Skills:
 + Level 0.4 Fighting
 + Level 0.1 Maces & Flails
 + Level 2.5 Dodging
 + Level 2.3 Stealth
 + Level 4.3 Spellcasting
 + Level 1.2 Conjurations
 + Level 0.8 Summonings
   Level 1.1 Translocations


You had 4 spell levels left.
You knew the following spells:

 Your Spells              Type           Power        Failure   Level  Hunger
a - Magic Dart            Conj           #...         14%         1    None
b - Call Imp              Summ           #.......     24%         2    #......
c - Slow                  Hex            #.......     30%         2    #......


Dungeon Overview and Level Annotations

Branches:
Dungeon (2/15)

Altars:


Message History

You hit the adder but do no damage.
The adder is lightly wounded.
The adder closely misses you.
You closely miss the adder.
The adder is lightly wounded.
The adder bites you. x2
* * * LOW HITPOINT WARNING * * *
You are lethally poisoned!
The adder poisons you!
You hit the adder.
The adder is moderately wounded.
* * * LOW HITPOINT WARNING * * *
You feel sick. The adder closely misses you.
You miss the adder.
The adder is moderately wounded.
The adder bites you.
* * * LOW HITPOINT WARNING * * *
You miss the adder.
The adder is moderately wounded.
You die...

#..........###.#
#...####.##.#.##
##### #.###.##
#.# #.# #.# #.#
#.# #.#
###.########
#..#(.......
#.#@########
#.#S# . ...
.......
.........
#..........
...........
........)#.##


You could see an adder.

Vanquished Creatures
  2 dart slugs (D:1)
  2 giant geckos (D:1)
  2 hobgoblins (D:1)
  6 kobolds
  2 goblins (D:1)
  4 rats (D:1)
18 creatures vanquished.

Notes
Turn   | Place    | Note
--------------------------------------------------------------
     0 | D:1      | torvon the High Elf Wizard began the quest for the Orb.
     0 | D:1      | Reached XP level 1. HP: 11/11 MP: 6/6
   495 | D:1      | Reached skill level 4 in Spellcasting
   670 | D:1      | Reached XP level 2. HP: 9/17 MP: 4/8
  1453 | D:1      | Learned a level 2 spell: Call Imp
  1456 | D:1      | Learned a level 2 spell: Slow
  1580 | D:2      | Succumbed to an adder's poison

Skill      XL: |  1 |
---------------+----+-----
Spellcasting   | 4 |  4.3
Fighting       | |  0.4
Maces & Flails | |  0.1
Dodging        | |  2.5
Stealth        | |  2.3
Conjurations   | |  1.2
Summonings     | |  0.8
Translocations | |  1.1

Action                   || total
-------------------------++-------
Melee: Club              ||    16
       Short sword       ||    21
Throw: Stone             ||     6
 Cast: Magic Dart        ||    43
       Slow              ||     1
  Use: Potion            ||     1
  Eat: Bread ration      ||     1
Armor: Robe              ||    10
Dodge: Dodged            ||    29
Block: Buckler           ||     7
